 Dungeon Crawl Stone Soup version 0.18.1-48-g4cf74bf (webtiles) character file.

158 grulito the Cutter (level 5, -1/30 HPs)
             Began as a Kobold Assassin on June 26, 2016.
             Slain by Grinder (5 damage)
             ... while paralysed by Grinder
             ... on level 3 of the Dungeon.
             The game lasted 00:10:14 (2304 turns).

grulito the Cutter (Kobold Assassin)                Turns: 2304, Time: 00:10:14

Health: -1/30      AC:  5    Str: 10    XL:     5   Next: 67%
Magic:  5/5        EV:  3    Int:  9    God:
Gold:   142        SH:  0    Dex: 18    Spells: 0 memorised, 4 levels left

rFire  . . .     SeeInvis .     b - +0 blowgun
rCold  . . .     Gourm    .     c - +2 robe
rNeg   . . .     Faith    .     (shield restricted)
rPois  .         Spirit   .     (no helmet)
rElec  .         Dismiss  .     d - +0 cloak
rCorr  .         Reflect  .     (no gloves)
SustAt .         Harm     .     (no boots)
MR     .....                    (no amulet)
Stlth  ++++......               (no ring)
                                (no ring)

@: paralysed, not resistant to hostile enchantments, stealthy
A: carnivore 3
a: no special abilities


You were on level 3 of the Dungeon.
You were not hungry.

You visited 1 branch of the dungeon, and saw 3 of its levels.

You collected 142 gold pieces.

Inventory:

Hand Weapons
 a - a +2 dagger
 b - a +0 blowgun (weapon)
 u - a +2 dagger of venom
 v - a +2 dagger of electrocution
Missiles
 e - 17 poisoned needles (quivered)
 f - 2 curare-tipped needles
Armour
 c - a +2 robe (worn)
 d - a +0 cloak (worn)
Wands
 w - a wand of disintegration (13/24)
Scrolls
 h - 2 scrolls of teleportation {unknown}
 j - 2 scrolls of remove curse
 r - a scroll of recharging {unknown}
 s - 2 scrolls of magic mapping {unknown}
Potions
 i - 2 potions of degeneration
 l - 3 potions of curing {unknown}
 n - 2 potions of heal wounds {unknown}
 o - a potion of lignification {unknown}
 p - a potion of flight {unknown}
Books
 t - a book of Conjurations

   Spells                             Type                      Level
   a - Magic Dart                     Conjuration                  1
   b - Searing Ray                    Conjuration                  2
   c - Dazzling Spray                 Conjuration/Hexes            3
   d - Fulminant Prism                Conjuration/Hexes            4
   e - Iskenderun's Mystic Blast      Conjuration                  4
   f - Iskenderun's Battlesphere      Conjuration/Charms           5
Comestibles
 g - 2 meat rations
 k - 2 fruits
 m - 5 bread rations
 q - a beef jerky


   Skills:
 - Level 2.2 Fighting
 + Level 6.7 Short Blades
 - Level 2.3 Throwing
 - Level 1.2 Dodging
 - Level 5.7 Stealth


You had 4 spell levels left.
You didn't know any spells.

Dungeon Overview and Level Annotations

Branches:
Dungeon (3/15)

Altars:

Annotations:
D:3 Grinder


Innate Abilities, Weirdness & Mutations

You are small and have problems with some larger weapons.
You are carnivorous and can eat meat at any time.


Message History

You shoot a poisoned needle. The poisoned needle hits Grinder.
Grinder is lightly wounded.
Grinder gestures at you.
You suddenly lose the ability to move!
Grinder hits you.
You writhe in agony.
You can move again.
Grinder gestures at you.
You shrug off the repeated paralysis!
Grinder says, "Just stop there for a second..."
Grinder blinks!
Grinder blinks!
Grinder gestures at you. Pain shoots through your body!
* * * LOW HITPOINT WARNING * * *
Grinder gestures at you.
You suddenly lose the ability to move!
Grinder hits you.
* * * LOW HITPOINT WARNING * * *
You writhe in agony.
You die...

#.##.#.###.....#####.#.##
#.#..#.# ###.##.....###.#
#.#.##.# #.##.###..#.##
#......# #........#..#
###.###########.....##.#
#.......####)........#
#.....#.##.........###
##.##.#.##.#....รท..# #
#####.##.[...@......### ..
....#.####.##5###)..# ..
...#.####.#...######
###5.#......#...# .
#....########...#
.##..(...## #...#
..........# #...#
##........# #...#
#.........#####...#######.


You could see Grinder.

Vanquished Creatures
  The ghost of Wardy the Chopper, an amateur DsFi (D:3)
  3 adders
  2 worms (D:2)
  2 orcs (D:3)
  3 giant cockroaches
  7 goblins
  4 hobgoblins
  4 jackals (D:1)
  4 kobolds
  A quokka (D:3)
  5 bats
  3 giant newts
  2 rats (D:2)
41 creatures vanquished.

Notes
Turn   | Place    | Note
--------------------------------------------------------------
     0 | D:1      | grulito the Kobold Assassin began the quest for the Orb.
     0 | D:1      | Reached XP level 1. HP: 12/12 MP: 1/1
    81 | D:1      | Reached XP level 2. HP: 8/17 MP: 2/2
   299 | D:1      | Reached skill level 3 in Short Blades
   864 | D:1      | Reached XP level 3. HP: 21/21 MP: 3/3
  1080 | D:2      | Reached skill level 4 in Short Blades
  1575 | D:2      | Reached XP level 4. HP: 26/26 MP: 4/4
  1600 | D:2      | Found a faded altar to an unknown god.
  1885 | D:3      | Reached skill level 5 in Short Blades
  1968 | D:3      | Noticed Wardy's ghost (amateur DsFi)
  2002 | D:3      | Killed Wardy's ghost
  2002 | D:3      | Reached skill level 6 in Short Blades
  2002 | D:3      | Reached XP level 5. HP: 16/30 MP: 5/5
  2245 | D:3      | Noticed Grinder
  2262 | D:3      | Paralysed by Grinder for 7 turns
  2274 | D:3      | Paralysed by Grinder for 4 turns
  2302 | D:3      | Paralysed by Grinder for 6 turns
  2304 | D:3      | Slain by Grinder

Skill      XL: |  1  2  3  4 |
---------------+-------------+-----
Short Blades   | 3 4 6 |  6.7
Fighting       | |  2.2
Throwing       | |  2.3
Dodging        | |  1.2
Stealth        | |  5.7

Action                   |  1- 3 |  4- 6 || total
-------------------------+-------+-------++-------
Melee: Dagger            |    82 |    45 ||   127
 Fire: Blowgun           |     9 |    12 ||    21
  Use: Scroll            |     4 |     1 ||     5
 Stab: Sleeping          |     3 |     6 ||     9
  Eat: Meat ration       |     1 |       ||     1
Armor: Robe              |    28 |     2 ||    30
Dodge: Dodged            |    78 |    18 ||    96
